AoeStats
← Mắt Mờ Tay Rung

Arena

508190156Analyzed
1v1 RM · 10d ago on Sep 21, 2026· 46m 49s· 2 players
Game mode
Random Map
Map size
Tiny (2 player)
Population
200
Speed
Normal
Resources
Standard
Victory
Conquest
Starting age
Dark Age
Ending age
Imperial Age
RankedLock teamsTeams togetherTeam positionsShared explorationLock speedFull tech treeHidden civsTurbo modeCheats
Victory
Defeat
🇹🇷 Muisca · Türkiye
712
+15
🇻🇳 Byzantines · Vietnam
690
-15
Mắt Mờ Tay Rung
10:53 Feudal Age
17:05 Castle Age
17:19 Horse Collar
18:16 Double-Bit Axe
18:32 Elite Skirmisher
21:45 Pikeman
23:33 Squires
24:01 Fletching
24:11 Padded Archer Armor
24:53 Gambesons
25:34 Man-at-Arms
27:54 Bodkin Arrow
28:52 Arson
30:56 Thumb Ring
34:04 Wheelbarrow
34:44 Forging
36:52 Long Swordsman
39:11 Scale Mail Armor
39:12 Padded Archer Armor
41:11 Iron Casting
40:51 Chain Mail Armor
46:42 Gold Mining
cyberConqueror
9:15 Feudal Age
9:38 Horse Collar
9:48 Double-Bit Axe
17:07 Castle Age
18:41 Bow Saw
23:34 Devotion
26:41 Sanctity
26:32 Fervor
39:50 Herbal Medicine
40:16 Heresy
45:01 Imperial Age
43:23 Gold Mining
43:13 Horse Collar
43:27 Stone Mining
43:44 Herbalism
46:46 Siege Engineers
46:22 Treadmill Crane
46:53 Masonry
47:03 Ballistics
47:07 Conscription
46:08 Elite Guecha Warrior
47:00 Murder Holes
48:08 Chemistry
46:58 Guard Tower
48:22 Two-Man Saw
47:23 Heavy Plow
47:58 Gold Shaft Mining
47:59 Stone Shaft Mining
Connection lost

Rejoining the realm…

Still unreachable

The connection could not be restored.

Session expired

The server has moved on; the page needs a fresh start.